 Dungeon Crawl Stone Soup version 0.31-a0-271-gb88eb75e06 (webtiles) character file.

Game seed: 2851109910193749529

584 BootchMan the Shooter (level 7, -4/58 HPs)
             Began as a Minotaur Hunter on July 14, 2023.
             Killed by divine providence
             ... invoked by an orc priest
              (12 damage)
             ... on level 4 of the Dungeon.
             The game lasted 00:19:45 (3474 turns).

BootchMan the Shooter (Minotaur Hunter)             Turns: 3474, Time: 00:19:46

Health: -4/58      AC: 13    Str: 17    XL:     7   Next: 14%
Magic:  6/6        EV:  8    Int:  5    God:
Gold:   64         SH:  0    Dex: 20    Spells: 6/6 levels left

rFire   . . .        a - +4 hand axe of Qiveor {flame, rPois Str+3}
rCold   . . .        (no shield)
rNeg    . . .        r - +0 chain mail
rPois   +            (helmet restricted)
rElec   .            n - scarf {+Inv}
rCorr   .            d - +1 pair of gloves
SInv    .            (no boots)
Will    .....        j - amulet of magic regeneration Stlth
                     (no ring)
HPRegen 0.29/turn    (no ring)
MPRegen 0.50/turn

%: random rage (3%)
@: no status effects
A: horns 2, retaliatory headbutt, iridescent scales 1, agile 1, berserk 1
a: Evoke Invisibility


You were on level 4 of the Dungeon.
You visited 1 branch of the dungeon, and saw 4 of its levels.

You collected 270 gold pieces.
You spent 206 gold pieces at shops.

Inventory:

Hand Weapons
 a - the +4 hand axe of Qiveor (weapon) {flame, rPois Str+3}
   (You found it on level 3 of the Dungeon)

   Str:       It affects your strength (+3).
   rPois:     It protects you from poison.
 s - a +1 shortbow
Missiles
 o - 4 boomerangs
 q - 4 poisoned darts
Armour
 d - a +1 pair of gloves (worn)
 n - a scarf of invisibility (worn)
 r - a +0 chain mail (worn)
Jewellery
 j - an amulet of magic regeneration (around neck)
Talismans
 h - a serpent talisman
 m - a beast talisman
Scrolls
 b - a scroll of butterflies
 f - a scroll of fog
 i - 2 scrolls of poison
 k - a scroll of noise {unknown}
 p - a scroll of revelation {unknown}
 t - a scroll of teleportation {unknown}
Potions
 c - 2 potions of attraction
 g - a potion of haste {unknown}
 l - a potion of might


   Skills:
 + Level 3.8 Fighting
 * Level 4.2 Axes
 - Level 6.8 Ranged Weapons
 - Level 1.2 Throwing
 + Level 3.9 Armour
 + Level 2.2 Dodging
 + Level 0.8 Stealth


You had 6 spell levels left.
You didn't know any spells.
Your spell library was empty.

Dungeon Overview and Level Annotations

Branches:
Dungeon (4/15)
 Temple: D:4-7

Altars:
Hepliaklqana
Okawaru

Shops:
D:1 ?   D:3 ?

Annotations:
D:4 cforsyth's ghost, novice MeSh


Innate Abilities, Weirdness & Mutations

You have a pair of horns on your head.
You reflexively headbutt those who attack you in melee.
You are partially covered in iridescent scales. (AC +2)
You are agile. (Dex +4, Str/Int -1)
You sometimes lose your temper in combat.


Message History

You hit the orc. You burn the orc.
You kill the orc!
The orc hits you from afar with a +0 trident.
Throw: 2 darts (atropa)
Press: ? - help, Q - select action, (/) - cycle Shift-Dir - straight line, f - orc
Aim: an orc, wielding a +0 trident (57% to hit, chance to blind on hit: 100%)
You throw an atropa-tipped dart.
The atropa-tipped dart closely misses the orc.
The atropa-tipped dart barely misses cforsyth's ghost.
The orc is no longer blind.
The orc hits you but does no damage.
The orc priest calls down the wrath of Beogh upon you.
Beogh smites you!
You hit the orc. You burn the orc. Your headbutt misses the orc.
The orc is almost dead.
The orc hits you with a +0 flail!
The orc hits you from afar with a +0 trident.
The orc priest calls down the wrath of Beogh upon you.
Beogh smites you!
* * * LOW HITPOINT WARNING * * *
Okay, then.
Cforsyth's ghost wails.
It was a potion of mutation.
You feel extremely strange.
You feel a little pissed off.
You feel agile.
Iridescent scales grow over part of your body.
The orc hits you from afar with a +0 trident.
* * * LOW HITPOINT WARNING * * *
Unknown command.
The orc hits you from afar with a +0 trident.
* * * LOW HITPOINT WARNING * * *
Throw: dart (atropa)
Press: ? - help, Q - select action, (/) - cycle Shift-Dir - straight line, f/p - orc
Aim: an orc, wielding a +0 trident (60% to hit, chance to blind on hit: 100%)
You throw an atropa-tipped dart. The atropa-tipped dart hits the orc.
The orc appears confused.
The orc hits you with a +0 flail.
* * * LOW HITPOINT WARNING * * *
The orc closely misses cforsyth's ghost.
The orc priest mumbles some strange prayers to Beogh against you.
Beogh smites you!
You die...

#.##.# #.# #.# #.# ########.#
#.##.###.####.###.####.....##.#
#.##................##.###.##.#
#.######.####.#####.##.# #....#
#.## #.# #.# #.##.###.####
.#.#####.# #.# #........#
###..)...####.# #.###..###
.#.########...#####.# #..# ####
####.o@...# #..#
8...([_[....8##.#######..########
.............##o##...............
.#8#..8..#8#.#oW##.####.###.#####
.###.....###.#(o##.####.###.# #
.$..#####....#..(........##.# #
........oo...#.(<#.####..##.# #
#####'''######.#.#.# #..##.# #
........o...o8.#.#.# #.>##.#####


You could see an orc priest, cforsyth's ghost and 3 orcs.

Vanquished Creatures
  Grinder (D:3)
  An ogre (D:4)
  A scorpion (D:4)
  An orc priest (D:4)
  An iguana (D:4)
  An orc wizard (D:4)
  8 adders
  2 worms
  A dart slug (D:3)
  6 orcs (D:4)
  5 bats
  10 endoplasms
  7 giant cockroaches
  6 goblins
  2 hobgoblins
  10 jackals
  3 quokkas
  4 ball pythons
  A frilled lizard (D:1)
  4 kobolds
  2 rats (D:1)
77 creatures vanquished.

Notes
Turn   | Place    | Note
-------+----------+-------------------------------------------
     0 | D:1      | BootchMan the Minotaur Hunter began the quest for the Orb.
     0 | D:1      | Reached XP level 1. HP: 18/18 MP: 0/0
    72 | D:1      | You fall into a shaft and drop 1 floor!
    83 | D:2      | Reached skill level 5 in Ranged Weapons
    83 | D:2      | Reached XP level 2. HP: 20/25 MP: 1/1
   288 | D:2      | Reached XP level 3. HP: 30/30 MP: 2/2
   503 | D:1      | Found Onoucrea's Magic Scroll Boutique.
   513 | D:1      | Bought a scroll of identify for 26 gold pieces
   526 | D:1      | Reached skill level 6 in Ranged Weapons
   641 | D:1      | Reached XP level 4. HP: 37/37 MP: 3/3
  1707 | D:3      | Reached skill level 1 in Armour
  1898 | D:3      | Identified the +4 hand axe of Qiveor {flame, rPois Str+3}
  1939 | D:3      | Noticed Grinder
  1972 | D:3      | Killed Grinder
  1973 | D:3      | Reached skill level 1 in Throwing
  1973 | D:3      | Reached XP level 5. HP: 5/45 MP: 4/4
  1973 | D:3      | Reached XP level 6. HP: 6/51 MP: 5/5
  2275 | D:3      | Found Wicvan's Magic Scroll Boutique.
  2285 | D:3      | Bought a scroll of enchant weapon for 90 gold pieces
  2285 | D:3      | Bought a scroll of enchant armour for 90 gold pieces
  2597 | D:4      | Found a hazy altar of Hepliaklqana.
  2808 | D:4      | Found an iron altar of Okawaru.
  2876 | D:4      | Reached XP level 7. HP: 31/58 MP: 6/6
  3016 | D:4      | Found a runed translucent gate.
  3016 | D:4      | Found a runed translucent gate.
  3016 | D:4      | Found a runed translucent gate.
  3017 | D:4      | Identified the +2 scale mail of Zicwi {+Blink rPois Str-4
                  | Stlth+}
  3017 | D:4      | Noticed cforsyth's ghost (novice MeSh)
  3472 | D:4      | Gained mutation: You sometimes lose your temper in combat.
                  | [potion of mutation]
  3472 | D:4      | Gained mutation: You are agile. (Dex +4, Str/Int -1)
                  | [potion of mutation]
  3472 | D:4      | Gained mutation: You are partially covered in iridescent
                  | scales. (AC +2) [potion of mutation]
  3474 | D:4      | Killed from afar by an orc priest

Illustrated notes

Levels and vault maps discovered:
D:1:      dpeg_arrival_round_a, layout_basic, serial_shops,
          nicolae_diamond_shop, moated_statue
D:2:      layout_basic
D:3:      layout_basic, serial_glass, glass_columns_a, glass_columns_b,
          serial_shops, shop, nicolae_concentric_dashed_squares_mild,
          uniq_grinder
D:4:      layout_loops_ring, mainiacjoe_overflow_catwalk,
          mainiacjoe_overflow_alcove_1, biasface_ghost_orc_armoury

Skill      XL: |  1  2  3  4  5  6  7 |
---------------+----------------------+-----
Ranged Weapons | 5 6 |  6.8
Armour         | 2 3 |  3.9
Fighting       | 3 |  3.8
Axes           | 2 3 4 |  4.2
Throwing       | 1 |  1.2
Dodging        | |  2.2
Stealth        | |  0.8

Action                     |  1- 3 |  4- 6 |  7- 9 || total
---------------------------+-------+-------+-------++-------
  Melee: Hand axe          |       |    45 |    12 ||    57
         Headbutt          |       |     7 |     1 ||     8
         Punch             |       |     1 |       ||     1
   Fire: Shortbow          |   105 |    43 |       ||   148
  Throw: Dart              |       |    11 |     5 ||    16
    Use: Potion            |       |     6 |     1 ||     7
         Scroll            |       |     7 |       ||     7
   Stab: Invisible         |       |       |     1 ||     1
 Armour: Leather armour    |     1 |       |       ||     1
         Ring mail         |    19 |     4 |       ||    23
         Chain mail        |       |    32 |    13 ||    45
  Dodge: Dodged            |    33 |    27 |    11 ||    71

Table legend: (Time is in decaauts)
 A = Elapsed time spent in this place.
 B = Non-inter-level travel time spent in this place.
 C = Inter-level travel time spent in this place.
 D = Time resting spent in this place.
 E = Time spent auto-exploring this place.
 F = Levels seen in this place.
 G = Mean time per level.
                   A        B        C        D        E       F      G
               +--------+--------+--------+--------+--------+-----+--------+
         Total |   3523 |   2628 |    895 |      0 |   1641 |   4 |  880.8 |
       Dungeon |   3523 |   2628 |    895 |      0 |   1641 |   4 |  880.8 |
               +--------+--------+--------+--------+--------+-----+--------+

Top non-repeatable levels by time:
     D:1: 955 daAuts
     D:4: 923 daAuts
     D:3: 911 daAuts
     D:2: 732 daAuts
